 Dungeon Crawl Stone Soup version 0.31-a0-1620-gcbf77bbcfc (webtiles) character file.

Game seed: 9268735696435456010

549 Ge0ff the Changeling (level 7, -3/52 HPs)
             Began as a Merfolk Shapeshifter on Jan 10, 2024.
             Was an Initiate of Makhleb.
             Slain by a killer bee (8 damage)
             ... on level 4 of the Dungeon on Jan 11, 2024.
             The game lasted 00:05:42 (3129 turns).

Ge0ff the Changeling (Merfolk Shapeshifter)         Turns: 3129, Time: 00:05:43

Health: -3/52      AC:  3    Str: 16    XL:     7   Next: 28%
Magic:  7/7        EV: 16    Int:  9    God:    Makhleb [......]
Gold:   198        SH:  0    Dex: 14    Spells: 6/6 levels left

rFire   + +          .
                       - Unarmed
rCold   + . .        (shield currently unavailable)
rNeg    . . .        a - melded +0 animal skin
rPois   +            (no helmet)
rElec   +            (no cloak)
rCorr   +            (no gloves)
SInv    .            Z - +2 pair of boots
Will    .....        (no amulet)
Stlth   +            L - ring of protection from fire
HPRegen 0.28/turn    (no ring)
MPRegen 0.10/turn

%: no passive effects
@: brilliant, flux-form, resistant, glowing
A: glow, contaminating, (nimble swimmer 2), mertail
a: Begin Untransformation, Renounce Religion


You were on level 4 of the Dungeon.
You worshipped Makhleb.
Makhleb was noncommittal.
You were something dangerously unstable.
You visited 2 branches of the dungeon, and saw 7 of its levels.

You collected 198 gold pieces.

Inventory:

Missiles
 M - 21 stones (quivered)
 Y - 4 atropa-tipped darts
Armour
 a - a +0 animal skin (melded)
 Z - a +2 pair of boots (worn)
Jewellery
 L - a ring of protection from fire (left hand)
Talismans
 c - a beast talisman
 d - a flux talisman (active)
Scrolls
 C - a scroll of poison
 G - a scroll of fear {unknown}
 H - a scroll of identify {unknown}
 I - a scroll of teleportation {unknown}
 K - a scroll of enchant weapon {unknown}
 V - a scroll of enchant armour {unknown}
 X - a scroll of blinking {unknown}
Potions
 N - a potion of mutation {unknown}
 O - a potion of attraction {unknown}
 P - 2 potions of curing {unknown}
 Q - 2 potions of heal wounds {unknown}
 R - a potion of resistance
 S - 2 potions of degeneration {unknown}
 T - 7 potions of enlightenment {unknown}
 W - a potion of berserk rage {unknown}


   Skills:
 - Level 3.0 Fighting
 - Level 2.6 Dodging
 - Level 2.0 Stealth
 + Level 6.2 Unarmed Combat
 - Level 7.0 Shapeshifting


You had 6 spell levels left.
You didn't know any spells.
Your spell library was empty.

Dungeon Overview and Level Annotations

Branches:
Dungeon (6/15) Zot: 26405  Temple (1/1) D:4 Zot: 5998

Altars:
Ashenzari
Cheibriados
Dithmenos
Elyvilon
Hepliaklqana
Makhleb
Nemelex Xobeh
Okawaru
Ru
Sif Muna
Trog
Uskayaw
Wu Jian
Yredelemnul
Zin
The Shining One

Annotations:
D:2 Sigmund, Terence


Innate Abilities, Weirdness & Mutations

You are something dangerously unstable.
You glow with magical radiation, making you easy to see and hit.
Foes you strike become dangerously contaminated with magical radiation.
You are incapable of wielding weapons or throwing items.
((You are very nimble when in or above water. (Stealth+, EV+, Speed+++)))
Your lower body shifts to a powerful aquatic tail in water.


Message History

The killer bee completely misses you.
You miss the killer bee. The killer bee misses you. The killer bee stings you!
You hit the killer bee but do no damage.
The killer bee begins to glow.
The killer bee stings you.
A goblin comes into view. It is wielding a +0 club.
The air fills with toxic fumes!
As you read the scroll labelled DACWUFI PALODD, it crumbles to dust.
It was a scroll of poison.
C - a scroll of poison The killer bee stings you.
The killer bee stings you but does no damage.
You hit the killer bee.
The killer bee glows dangerously bright.
The killer bee is lightly wounded.
The killer bee barely misses you. The killer bee misses you.
You barely miss the killer bee.
The killer bee is lightly wounded.
The killer bee misses you. x2
You hit the killer bee.
The killer bee shudders as magic cascades through it!!
You kill the killer bee!
Makhleb accepts your kill. The killer bee barely misses you.
Training target 7.0 for Shapeshifting reached!
Your Shapeshifting skill increases to level 7!
You barely miss the killer bee.
The killer bee stings you but does no damage.
The killer bee closely misses you.
You miss the killer bee. The killer bee stings you!
You are too injured to fight recklessly!
You are too injured to fight recklessly!
You closely miss the killer bee. The killer bee misses you.
The killer bee closely misses you.
You closely miss the killer bee. The killer bee stings you!
The killer bee stings you.
You closely miss the killer bee.
A killer bee comes into view.
You closely miss the killer bee. The killer bee stings you!
* * * LOW HITPOINT WARNING * * *
The killer bee misses you.
It was a potion of resistance.
You feel protected.
R - a potion of resistance
L - a ring of protection from fire (left hand)
The killer bee misses you. The killer bee stings you.
* * * LOW HITPOINT WARNING * * *
It was a potion of brilliance.
You feel clever all of a sudden. The killer bee closely misses you.
The killer bee stings you!
You die...

##.#.#.#+.>.+
#.#.#.#.#...#§
##.#.#.#.#+#○#
#§#.#.#.#.#°#.#
##§#.#.#.#○# #.#
#.#§#.#.#☼#.# #.#
##.#§#.#§#.#.#
#.#
#.#.#°#☼#.#.#.#
#.
##.#.#p#.#.#.#.#
#.#.#y#§#.#.#.#.#
##.#y#y#○#.#.#.#.
#.#.#.#.#§#.#.
##°#.#.#.#☼#. °○#
#.#.#.#☼# .°g§
#.#.#.#§# #.☼§
#.#.#.#§ .....
#.#.#.


You could see 2 killer bees and a goblin.

Vanquished Creatures
  A sky beast (D:6)
  An ogre (D:5)
  A killer bee (D:4)
  A howler monkey (D:6)
  A hound (D:6)
  2 jellies (D:6)
  3 iguanas (D:6)
  5 adders
  A shadow imp (D:6)
  2 ribbon worms (D:2)
  5 orcs (D:3)
  3 bats (D:3)
  5 endoplasms
  2 giant cockroaches (D:1)
  2 goblins
  6 hobgoblins
  6 jackals (D:2)
  A quokka (D:2)
  7 ball pythons
  7 frilled lizards
  8 kobolds
  8 rats
78 creatures vanquished.

Notes
Turn   | Place    | Note
-------+----------+-------------------------------------------
     0 | D:1      | Ge0ff the Merfolk Shapeshifter began the quest for the Orb.
     0 | D:1      | Reached XP level 1. HP: 15/15 MP: 1/1
   182 | D:1      | Reached XP level 2. HP: 20/21 MP: 2/2
   386 | D:1      | Reached skill level 1 in Stealth
   648 | D:2      | Reached XP level 3. HP: 25/27 MP: 3/3
   663 | D:2      | Noticed Terence
   798 | D:2      | Noticed Sigmund
   925 | D:2      | Found an ornate altar of the Wu Jian Council.
  1868 | D:3      | Reached XP level 4. HP: 33/33 MP: 4/4
  1927 | D:3      | Found a hide-covered altar of Uskayaw.
  1941 | D:3      | Found a burning altar of Makhleb.
  1962 | D:3      | Became a worshipper of Makhleb the Destroyer
  2005 | D:3      | You fall into a shaft and drop 3 floors!
  2055 | D:6      | Noticed a sky beast
  2068 | D:6      | Reached skill level 5 in Shapeshifting
  2068 | D:6      | Reached XP level 5. HP: 40/40 MP: 5/5
  2090 | D:6      | Killed a sky beast
  2091 | D:6      | Reached skill level 5 in Unarmed Combat
  2091 | D:6      | Reached XP level 6. HP: 35/47 MP: 6/6
  2279 | D:6      | Reached skill level 6 in Shapeshifting
  2474 | D:5      | Entered Level 5 of the Dungeon
  2482 | D:5      | Reached XP level 7. HP: 49/52 MP: 7/7
  3021 | D:4      | Found a staircase to the Ecumenical Temple.
  3030 | Temple   | Entered the Ecumenical Temple
  3122 | D:4      | Reached skill level 7 in Shapeshifting
  3129 | D:4      | Slain by a killer bee

Illustrated notes

Levels and vault maps discovered:
D:1:      dpeg_arrival_tiny_a, layout_rooms, minmay_misc_feat_nine_boxes,
          hangedman_decor_points
D:2:      layout_basic, basic_altar, amcnicky_mini_corridor_feature,
          uniq_terence, uniq_sigmund
D:3:      layout_loops_cross, mainiacjoe_overflow_tiny_flanked,
          mainiacjoe_overflow_concentric_impassable,
          ebering_dispersal_statue_hall
D:4:      layout_basic, minmay_temple_entry_statues_pillars
D:5:      layout_basic, nicolae_kikubaaqudgha_miasma_corner, old_standard_altar,
          nicolae_concentric_dashed_squares_mild,
          serial_library_hellmonk_statue_hall, grunt_decor_one_mirror,
          minmay_misc_feat_x
D:6:      layout_basic, serial_shops, nicolae_shop_just_a_little_nook,
          serial_curves, eino_curves_04, eino_curves_04, palyth_stone_intersect,
          chequers_serial_rivers_room_b
Temple:   compressed_dpeg_triangle_lava_temple

Skill      XL: |  1  2  3  4  5  6  7 |
---------------+----------------------+-----
Stealth        | 1 2 |  2.0
Fighting       | 2 3 |  3.0
Unarmed Combat | 4 5 6 |  6.2
Shapeshifting  | 5 6 7 |  7.0
Dodging        | |  2.6

Action                     |  1- 3 |  4- 6 |  7- 9 || total
---------------------------+-------+-------+-------++-------
  Melee: Unarmed           |   115 |    77 |    43 ||   235
         Punch             |     1 |       |       ||     1
         Tailslap          |       |       |     1 ||     1
  Throw: Stone             |    14 |    10 |       ||    24
    Use: Potion            |       |     1 |     2 ||     3
         Scroll            |       |       |     1 ||     1
   Stab: Sleeping          |     5 |       |       ||     5
 Armour: Animal skin       |    55 |    21 |       ||    76
         Skin              |       |    14 |    19 ||    33
  Dodge: Dodged            |    73 |    30 |    32 ||   135
   Form: Flux              |       |     1 |       ||     1

Table legend: (Time is in decaauts)
 A = Elapsed time spent in this place.
 B = Non-inter-level travel time spent in this place.
 C = Inter-level travel time spent in this place.
 D = Time resting spent in this place.
 E = Time spent auto-exploring this place.
 F = Levels seen in this place.
 G = Mean time per level.
                   A        B        C        D        E       F      G
               +--------+--------+--------+--------+--------+-----+--------+
         Total |   3110 |   3014 |     96 |    192 |   2051 |   7 |  444.3 |
       Dungeon |   3108 |   3012 |     96 |    192 |   2051 |   6 |  518.0 |
        Temple |      1 |      1 |      0 |      0 |      0 |   1 |    1.0 |
               +--------+--------+--------+--------+--------+-----+--------+

Top non-repeatable levels by time:
     D:2: 1201 daAuts
     D:3: 702 daAuts
     D:1: 544 daAuts
     D:6: 465 daAuts
     D:4: 143 daAuts
     D:5: 52 daAuts
  Temple: 1 daAuts
